 Dungeon Crawl Stone Soup version 0.29-a0-231-g945431f764 (webtiles) character file.

Game seed: 17124198123902693389

213 Aksej the Skirmisher (level 5, 0/42 HPs)
             Began as a Demonspawn Monk on Feb 28, 2022.
             Killed from afar by an orc wizard (8 damage)
             ... with a magic dart
             ... on level 4 of the Dungeon.
             The game lasted 00:09:07 (3312 turns).

Aksej the Skirmisher (Demonspawn Monk)              Turns: 3312, Time: 00:09:08

Health: 0/42       AC:  4    Str: 11    XL:     5   Next: 59%
Magic:  4/4        EV: 13    Int: 12    God:
Gold:   227        SH:  5    Dex: 17    Spells: 4/4 levels left

rFire   . . .      SeeInvis .   a - +0 mace
rCold   + . .      Faith    .   (no shield)
rNeg    . . .      Spirit   .   b - +0 robe
rPois   +          Reflect  +   q - +2 hat
rElec   .          Harm     .   (no cloak)
rCorr   .          Rampage  .   (no gloves)
Will    .....                   (no boots)
Stlth   ++........              j - amulet of reflection
HPRegen 0.00/turn               l - ring of poison resistance
MPRegen 0.09/turn               s - ring of protection from cold

@: inhibited regen
A: hooves 1, demonic magic 1, low MP 1, inhibited regeneration
a: no special abilities


You were on level 4 of the Dungeon.
You visited 1 branch of the dungeon, and saw 4 of its levels.

You collected 227 gold pieces.

Inventory:

Hand Weapons
 a - a +0 mace (weapon)
Armour
 b - a +0 robe (worn)
 q - a +2 hat (worn)
Jewellery
 d - an amulet of the acrobat
 h - a +6 ring of intelligence
 i - a +6 ring of strength
 j - an amulet of reflection (around neck)
 l - a ring of poison resistance (left hand)
 s - a ring of protection from cold (right hand)
Wands
 p - a wand of paralysis (5)
Scrolls
 e - a scroll of blinking
 k - a scroll of fog
 n - 2 scrolls of enchant weapon
Potions
 c - a potion of magic
 f - 2 potions of might
 g - a potion of curing
 o - a potion of flight {unknown}
 r - a potion of haste {unknown}
 t - a potion of degeneration {unknown}


   Skills:
 * Level 4.2 Fighting
 + Level 4.1 Maces & Flails
 + Level 0.4 Throwing
 + Level 3.2 Dodging
 + Level 2.7 Stealth
 + Level 0.2 Evocations


You had 4 spell levels left.
You didn't know any spells.
Your spell library contained the following spells:

 Spells                   Type           Power      Damage    Failure   Level
 Call Canine Familiar     Summ           0%         N/A       69%         3
 Portal Projectile        Hex/Tloc       0%         N/A       69%         3
 Leda's Liquefaction      Hex/Erth       0%         N/A       97%         4


Dungeon Overview and Level Annotations

Branches:
Dungeon (4/15)
 Temple: D:4-7

Altars:
Kikubaaqudgha
Okawaru


Innate Abilities, Weirdness & Mutations

You have large cloven feet.
Spells you cast may paralyse adjacent enemies.
Your magical capacity is low. (-10% MP)
You do not regenerate when monsters are visible.


Message History

* * * LOW HITPOINT WARNING * * *
You miss the orc wizard.
The orc wizard is severely wounded.
The orc wizard barely misses you. The orc wizard closely misses you.
The orc wizard barely misses you.
The orc wizard hits you with a +0 dagger.
* * * LOW HITPOINT WARNING * * *
You feel better.
You feel less invigorated. The orc wizard closely misses you.
The orc wizard mumbles some strange words.
The orc wizard flickers and vanishes!
Deactivating autopickup; reactivate with Ctrl-A.
You hit the orc wizard but do no damage.
The orc wizard is severely wounded.
The orc wizard barely misses you.
You hear some strange, mumbled words.
A puff of flame appears from out of thin air!
The puff of flame hits you.
* * * LOW HITPOINT WARNING * * *
You hit the orc wizard.
The orc wizard is almost dead.
The orc wizard hits you but does no damage.
Something hits you but does no damage.
You hit the orc wizard but do no damage.
Your kick misses the orc wizard.
The orc wizard is almost dead.
The orc wizard casts a spell at you. The puff of flame misses you.
Something hits you.
* * * LOW HITPOINT WARNING * * *
You hit the orc wizard.
You kill the orc wizard!
Something barely misses you.
You hit something. Something barely misses you. x2
You barely miss something. Something hits you but does no damage.
You hit something but do no damage. Your kick misses something.
Something hits you but does no damage.
You barely miss something.
You hear some strange, mumbled words.
A magic dart appears from out of thin air!
The magic dart hits you!
You die...

..............###.###.#
###.#.
......###.###...#.'...#
#..... ###.#####[#
##..###..## #.#...
#.......# ##.....# #....♣
######### #..#.## #...♣.
## #....# #..♣.♣ .. #..###
#.♣.♣. #.###.##{(# #^.♣.♣
........)@## ########...♣.
#..........###...........♣
................#####.#...
## ...........###..#
#..... .# ..........##
#..# ###### .# ..###.##.##
#..# .# . .# #.# #..# .#
## #.# #..######### .# #.#
#...).......


There were no monsters in sight!

Vanquished Creatures
  Blork the orc (D:4)
  A hound (D:4)
  An orc wizard (D:4)
  2 adders (D:4)
  A worm (D:2)
  4 dart slugs
  An orc (D:4)
  5 endoplasms
  7 giant cockroaches
  4 goblins
  6 hobgoblins
  6 kobolds
  3 quokkas
  7 ball pythons
  3 bats
  5 frilled lizards (D:1)
  2 rats
59 creatures vanquished.

Vanquished Creatures (others)
  19 plants (D:1)
  14 withered plants (D:1)
33 creatures vanquished.

Grand Total: 92 creatures vanquished

Notes
Turn   | Place    | Note
-------+----------+-------------------------------------------
     0 | D:1      | Aksej the Demonspawn Monk began the quest for the Orb.
     0 | D:1      | Reached XP level 1. HP: 18/18 MP: 1/1
   277 | D:1      | Found a faded altar of an unknown god.
   433 | D:1      | Gained mutation: You have large cloven feet. [demonic
                  | ancestry]
   433 | D:1      | Reached XP level 2. HP: 24/24 MP: 2/2
  1026 | D:2      | Reached XP level 3. HP: 29/29 MP: 3/3
  1406 | D:2      | Gained mutation: You are dopey. (Int -2) [potion of
                  | mutation]
  1406 | D:2      | Gained mutation: Your flesh is cold resistant. (rC+)
                  | [potion of mutation]
  1527 | D:2      | Lost mutation: You are dopey. (Int -2) [potion of mutation]
  1527 | D:2      | Lost mutation: Your flesh is cold resistant. (rC+) [potion
                  | of mutation]
  1527 | D:2      | Gained mutation: You do not regenerate when monsters are
                  | visible. [potion of mutation]
  1527 | D:2      | Gained mutation: Your magical capacity is low. (-10% MP)
                  | [potion of mutation]
  2528 | D:3      | Found an ancient bone altar of Kikubaaqudgha.
  2677 | D:4      | Reached XP level 4. HP: 32/37 MP: 3/3
  2834 | D:4      | Found an iron altar of Okawaru.
  2884 | D:4      | Noticed Blork the orc
  2899 | D:4      | Killed Blork the orc
  2900 | D:4      | Gained mutation: Spells you cast may paralyse adjacent
                  | enemies. [demonic ancestry]
  2900 | D:4      | Reached XP level 5. HP: 28/42 MP: 4/4
  3312 | D:4      | Killed from afar by an orc wizard

Illustrated notes

Levels and vault maps discovered:
D:1:      scummos_arrival_checkerplants, layout_rooms,
          shapermc_ecumenical_altar_flowoftime, serial_bayou_lake_a
D:2:      layout_rooms, minmay_misc_feat_secret_circle, grunt_decor_clamped,
          minmay_octomino_c4
D:3:      layout_basic, overflow_temple_1_default
D:4:      layout_loops_ring, okawaru_trees_2, minmay_statues_item,
          minmay_a_box_with_orc_wizards_in_it, uniq_blork_the_orc

Skill      XL: |  1  2  3  4 |
---------------+-------------+-----
Maces & Flails | 3 4 |  4.1
Dodging        | 3 |  3.2
Fighting       | 4 |  4.2
Stealth        | 2 |  2.7
Throwing       | |  0.4
Evocations     | |  0.2

Action                   |  1- 3 |  4- 6 || total
-------------------------+-------+-------++-------
Melee: Mace              |   162 |    51 ||   213
       Kick              |    32 |     9 ||    41
Throw: Boomerang         |     4 |     5 ||     9
Evoke: Wand              |       |     5 ||     5
  Use: Scroll            |     9 |       ||     9
       Potion            |     3 |     2 ||     5
 Stab: Sleeping          |     5 |     1 ||     6
       Distracted        |     1 |       ||     1
       Paralysed         |       |     9 ||     9
Armor: Robe              |    25 |    12 ||    37
Dodge: Dodged            |    56 |    27 ||    83
Block: Other             |       |     5 ||     5

Table legend: (Time is in decaauts)
 A = Elapsed time spent in this place.
 B = Non-inter-level travel time spent in this place.
 C = Inter-level travel time spent in this place.
 D = Time resting spent in this place.
 E = Time spent auto-exploring this place.
 F = Levels seen in this place.
 G = Mean time per level.
                   A        B        C        D        E       F      G
               +--------+--------+--------+--------+--------+-----+--------+
         Total |   3393 |   3339 |     54 |      0 |   2727 |   4 |  848.2 |
       Dungeon |   3393 |   3339 |     54 |      0 |   2727 |   4 |  848.2 |
               +--------+--------+--------+--------+--------+-----+--------+

Top non-repeatable levels by time:
     D:2: 1016 daAuts
     D:1: 990 daAuts
     D:4: 693 daAuts
     D:3: 692 daAuts
